 Dungeon Crawl Stone Soup version 0.29.1-2-gbd0b4ee654 (webtiles) character file.

Game seed: 17895936738452057784

443 tizbic2 the Trooper (level 7, 0/61 (64) HPs)
             Began as a Naga Fighter on Nov 3, 2022.
             Was a Believer of Vehumet.
             Slain by a necrophage (5 damage)
             ... on level 5 of the Dungeon.
             The game lasted 00:15:11 (2908 turns).

tizbic2 the Trooper (Naga Fighter)                  Turns: 2908, Time: 00:15:11

HP:   0/61 (64)     AC:  4    Str: 19    XL:     7   Next: 2%
MP:   1/11          EV:  9    Int: 10    God:    Vehumet [**....]
Gold: 127           SH:  4    Dex: 10    Spells: 9/12 levels left

rFire   . . .      SeeInvis +   r - +2 short sword (flame)
rCold   . . .      Faith    .   c - +0 buckler
rNeg    . . .      Spirit   .   a - +0 robe
rPois   +          Reflect  .   (no helmet)
rElec   .          Harm     .   (no cloak)
rCorr   .          Rampage  .   t - +0 pair of gloves
Will    .....                   (no barding)
Stlth   +.........              (no amulet)
HPRegen 0.20/turn               (no ring)
MPRegen 0.12/turn               (no ring)

@: lightly drained, very slow
A: AC +2, large, see invisible, deformed body, poison resistance, slowness 2,
spit poison 1, naga tail 1
a: Spit Poison, Renounce Religion


You were on level 5 of the Dungeon.
You worshipped Vehumet.
Vehumet was pleased with you.
You visited 1 branch of the dungeon, and saw 5 of its levels.

You collected 127 gold pieces.

Inventory:

Hand Weapons
 k - a +0 vampiric dagger
 r - a +2 short sword of flaming (weapon)
Missiles
 f - 3 silver boomerangs
 o - 3 poisoned darts
Armour
 a - a +0 robe (worn)
 b - a +0 scale mail
 c - a +0 buckler (worn)
 s - a +0 chain mail
 t - a +0 pair of gloves (worn)
Scrolls
 d - 2 scrolls of poison
 e - a scroll of enchant weapon {unknown}
 g - a scroll of immolation {unknown}
 i - 2 scrolls of identify
 j - a scroll of magic mapping {unknown}
 l - 2 scrolls of vulnerability {unknown}
 m - a scroll of amnesia {unknown}
 n - 2 scrolls of blinking {unknown}
 p - a scroll of enchant armour {unknown}
Potions
 h - a potion of lignification {unknown}
 q - a potion of brilliance {unknown}
 v - a potion of haste {unknown}


   Skills:
 + Level 4.0 Fighting
 + Level 2.0 Short Blades
 - Level 2.3 Axes
 + Level 3.3 Armour
 + Level 3.7 Shields
 * Level 3.0 Spellcasting
 + Level 1.1 Translocations
 * Level 1.7 Poison Magic


You had 9 spell levels left.
You knew the following spells:

 Your Spells              Type           Power      Damage    Failure   Level
a - Magic Dart            Conj           4%         1d3       34%         1
b - Poisonous Vapours     Pois/Air       6%         N/A       36%         2

Your spell library contained the following spells:

 Spells                   Type           Power      Damage    Failure   Level
 Blink                    Tloc           6%         N/A       32%         2
 Corpse Rot               Necr/Pois/Air  2%         N/A       95%         4
 Manifold Assault         Tloc           3%         N/A       99%         5
 Storm Form               Tmut/Air       0%         N/A       100%        7


Dungeon Overview and Level Annotations

Branches:
Dungeon (5/15)
 Temple: D:4-7

Altars:
Vehumet


Innate Abilities, Weirdness & Mutations

Your serpentine skin is tough. (AC +2)
You have supernaturally acute eyesight. (SInv)
Armour fits poorly on your strangely shaped body.
Your system is resistant to poisons. (rPois)
You cover ground very slowly.
You can spit poison.
You have a snake-like lower body.


Message History

You barely miss the black bear.
The black bear is almost dead.
The black bear bites you!
* * * LOW HITPOINT WARNING * * *
The black bear claws you.
* * * LOW HITPOINT WARNING * * *
You block the black bear's attack. The necrophage hits you.
* * * LOW HITPOINT WARNING * * *
You feel drained.
* * * LOW HITPOINT WARNING * * *
You feel better. The black bear barely misses you.
The black bear closely misses you.
The black bear claws you but does no damage.
You block the black bear's attack.
The black bear claws you but does no damage.
The black bear closely misses you. The necrophage barely misses you.
You hit the black bear. You burn the black bear.
You kill the black bear!
Vehumet accepts your kill. The necrophage hits you.
* * * LOW HITPOINT WARNING * * *
Your magical contamination has completely faded away.
Your Fighting skill increases to level 4!
Your Short Blades skill increases to level 2!
Your Spellcasting skill increases to level 3!
Your Translocations skill increases to level 1!
You have reached level 7!
Okay, then.
You hit the necrophage. You burn the necrophage.
The necrophage is lightly damaged.
You have got your breath back.
The necrophage hits you.
* * * LOW HITPOINT WARNING * * *
You feel drained.
* * * LOW HITPOINT WARNING * * *
As you read the scroll labelled EWINUUL WIXUE, it crumbles to dust.
It is a scroll of identify.
d - 2 scrolls of poison The necrophage hits you.
You die...

....# ....#
....### #....<#
#.....# #.....#
+.....+
#########.....##+
?......@.........
........n........
.................
.................
.................
####.............
#.....########
+.....# #.....#


You could see a necrophage.

Vanquished Creatures
  Sigmund (D:2)
  A black bear (D:5)
  2 hounds
  An iguana (D:3)
  5 adders
  A worm (D:2)
  An orc (D:3)
  3 endoplasms
  A giant cockroach (D:3)
  4 goblins
  4 hobgoblins
  7 jackals (D:1)
  3 kobolds
  2 quokkas
  6 ball pythons
  7 bats
  2 frilled lizards
  5 rats
56 creatures vanquished.

Notes
Turn   | Place    | Note
-------+----------+-------------------------------------------
     0 | D:1      | tizbic2 the Naga Fighter began the quest for the Orb.
     0 | D:1      | Reached XP level 1. HP: 21/21 MP: 1/1
   204 | D:1      | Reached XP level 2. HP: 28/28 MP: 2/2
   410 | D:1      | Found a faded altar of an unknown god.
   419 | D:1      | Prayed at the altar of an unknown god.
   419 | D:1      | Became a worshipper of Vehumet
   419 | D:1      | Reached * piety under Vehumet
   419 | D:1      | Offered knowledge of Magic Dart by Vehumet.
   609 | D:2      | Reached XP level 3. HP: 30/34 MP: 3/3
   710 | D:2      | Noticed Sigmund
   724 | D:2      | Killed Sigmund
   725 | D:2      | Reached skill level 1 in Short Blades
   725 | D:2      | Reached XP level 4. HP: 21/44 MP: 3/7
   725 | D:2      | Reached XP level 5. HP: 24/50 MP: 3/8
   884 | D:2      | Learned a level 1 spell: Magic Dart
  1682 | D:3      | Reached XP level 6. HP: 40/57 MP: 7/9
  1709 | D:3      | Offered knowledge of Poisonous Vapours by Vehumet.
  1714 | D:3      | Learned a level 2 spell: Poisonous Vapours
  1795 | D:3      | Reached ** piety under Vehumet
  2850 | D:4      | Reached skill level 1 in Poison Magic
  2887 | D:4      | You fall into a shaft and drop 1 floor!
  2887 | D:5      | Entered Level 5 of the Dungeon
  2888 | D:5      | Noticed a black bear
  2906 | D:5      | Killed a black bear
  2907 | D:5      | Reached skill level 4 in Fighting
  2907 | D:5      | Reached skill level 1 in Translocations
  2907 | D:5      | Reached XP level 7. HP: 11/63 MP: 1/11
  2908 | D:5      | Slain by a necrophage

Illustrated notes

Levels and vault maps discovered:
D:1:      dpeg_arrival_tiny_a, layout_basic,
          hellmonk_ecumenical_altar_heavens_door
D:2:      layout_loops_corners, minmay_cut_off, uniq_sigmund
D:3:      layout_loops_ring, chequers_serial_rivers_large_b, minivault_23
D:4:      layout_basic, portal_sewer_entry_b, uniq_blork_the_orc, uniq_pikel
D:5:      layout_gridville, gammafunk_temple_overflow_arena

Skill      XL: |  1  2  3  4  5  6 |
---------------+-------------------+-----
Short Blades   | 1 2 |  2.0
Armour         | 3 |  3.3
Shields        | 3 |  3.7
Spellcasting   | 2 3 |  3.0
Poison Magic   | 1 |  1.7
Fighting       | 4 |  4.0
Translocations | 1 |  1.1
Axes           | |  2.3

Action                   |  1- 3 |  4- 6 |  7- 9 || total
-------------------------+-------+-------+-------++-------
Melee: War axe           |    45 |       |       ||    45
       Dagger            |     6 |    81 |       ||    87
       Short sword       |       |    34 |     1 ||    35
 Cast: Magic Dart        |       |    16 |       ||    16
       Poisonous Vapours |       |    17 |       ||    17
 Abil: Spit Poison       |    15 |    21 |       ||    36
  Use: Potion            |       |     3 |       ||     3
       Scroll            |       |       |     1 ||     1
Armor: Scale mail        |    34 |       |       ||    34
       Robe              |       |    46 |       ||    46
Dodge: Dodged            |    24 |    67 |       ||    91
Block: Buckler           |    16 |    36 |       ||    52
